 Dungeon Crawl Stone Soup version 0.28-a0-1190-g77e1c55843 (webtiles) character file.

Game seed: 15675895805436062694

1777 ChaosChampion the Thaumaturge (level 8, 0/41 HPs)
             Began as a Deep Elf Conjurer on Dec 18, 2021.
             Slain by a killer bee zombie (6 damage)
             ... on level 6 of the Dungeon.
             The game lasted 00:06:20 (5497 turns).

ChaosChampion the Thaumaturge (Deep Elf Conjurer)   Turns: 5497, Time: 00:06:21

Health: 0/41       AC:  3    Str: 10    XL:     8   Next: 81%
Magic:  1/23       EV: 12    Int: 26    God:
Gold:   282        SH:  0    Dex: 13    Spells: 11/25 levels left

rFire   . . .      SeeInvis .   (no weapon)
rCold   . . .      Faith    .   (no shield)
rNeg    . . .      Spirit   .   a - +1 robe
rPois   .          Reflect  .   (no helmet)
rElec   .          Harm     .   (no cloak)
rCorr   .          Rampage  .   (no gloves)
Will    .....                   (no boots)
Stlth   ++........              (no amulet)
HPRegen 0.13/turn               k - +6 ring of strength
MPRegen 0.18/turn               (no ring)

@: hasted, very quick
A: no striking features
a: no special abilities


You were on level 6 of the Dungeon.
You visited 1 branch of the dungeon, and saw 6 of its levels.

You collected 282 gold pieces.

Inventory:

Armour
 a - a +1 robe (worn)
Jewellery
 j - an amulet of faith
 k - a +6 ring of strength (left hand)
 o - a ring of ice
Wands
 q - a wand of acid (4)
Scrolls
 b - a scroll of enchant weapon {unknown}
 d - 3 scrolls of fog {unknown}
 e - 2 scrolls of teleportation {unknown}
 f - 2 scrolls of identify
 m - a scroll of enchant armour
 n - 2 scrolls of silence {unknown}
 p - 2 scrolls of fear {unknown}
Potions
 c - 3 potions of curing {unknown}
 g - a potion of heal wounds {unknown}
 h - 3 potions of lignification
 i - 2 potions of haste
 l - a potion of attraction {unknown}


   Skills:
 - Level 2.4 Dodging
 - Level 2.4 Stealth
 * Level 9.2 Spellcasting
 + Level 6.8 Conjurations
 * Level 6.9 Hexes
 - Level 4.0 Translocations
 * Level 4.4 Earth Magic


You had 11 spell levels left.
You knew the following spells:

 Your Spells              Type           Power      Damage    Failure   Level
a - Magic Dart            Conj           100%       1d8       1%          1
b - Stone Arrow           Conj/Erth      82%        3d12      1%          3
c - Fulminant Prism       Conj/Hex       23%        3d13      3%          4
d - Iskenderun's Mystic   Conj/Tloc      40%        2d9       5%          4
p - Searing Ray           Conj           94%        2d7       1%          2

Your spell library contained the following spells:

 Spells                   Type           Power      Damage    Failure   Level
 Dazzling Flash           Conj/Hex       94%        N/A       1%          3
 Corpse Rot               Necr/Air       22%        N/A       8%          2
 Poisonous Vapours        Pois/Air       22%        N/A       8%          2
 Animate Armour           Summ/Erth      46%        N/A       21%         4
 Lehudib's Crystal Spear  Conj/Erth      20%        10d6      100%        8


Dungeon Overview and Level Annotations

Branches:
Dungeon (6/15)
 Temple: D:4-7

Altars:
Xom

Shops:
D:3 (


Message History

A fulminant prism comes into view.
A killer bee zombie comes into view.
The killer bee zombie hits your fulminant prism!
The killer bee zombie hits your fulminant prism!
Your fulminant prism detonates feebly.
The centaur shoots an arrow.
The arrow barely misses you.
Casting: Fulminant Prism (dangerous; 3% risk of failure)
Confirm with . or Enter, or press ? or * to list all spells.
Aiming: Fulminant Prism (dangerous; 3% risk of failure)
Press: ? - help, Dir - move target You conjure a prism of explosive energy!
A fulminant prism comes into view.
Casting: Fulminant Prism (dangerous; 3% risk of failure)
Confirm with . or Enter, or press ? or * to list all spells.
You don't have enough magic to cast this spell.
Your fulminant prism crackles loudly.
Your fulminant prism explodes!
The blast of energy engulfs the centaur!!
The centaur is severely wounded.
The killer bee zombie hits you. The killer bee zombie hits you.
The killer bee zombie misses you. The killer bee zombie hits you.
Found a stone staircase leading down.
The centaur shoots an arrow.
The arrow hits you!
The centaur shoots an arrow.
The arrow closely misses you.
The centaur shoots an arrow.
The arrow misses you.
The centaur shoots an arrow.
The arrow hits you!
* * * LOW HITPOINT WARNING * * *
You start resting.
A centaur is nearby!
Casting: Fulminant Prism (dangerous; 3% risk of failure)
Confirm with . or Enter, or press ? or * to list all spells.
Aiming: Stone Arrow (safe; 1% risk of failure)
Press: ? - help, Shift-Dir - straight line, f - centaur
Aim: a centaur, wielding a +0 shortbow and quivering arrows (severely wounded, 85% to hit)
The stone arrow hits the centaur!
You kill the centaur!
Okay, then.
You feel yourself speed up. The killer bee zombie hits you.
You die...

#...# #.#
#.......##
#.#.# #.#
#.........
#.#.# #.#
#.......##
#.#..##.#
#.......#
#.#.....#
#########
#.#.....#
#.#.....#
#Z#.....#
#.# #@..#
#.####Z.#
#.c.....#
#######>#
... ###..
.# #


You could see a killer bee zombie.

Vanquished Creatures
  The ghost of zeramoth the Cleaver, a novice MiBe of Trog (D:5)
  Grinder (D:4)
  A wyvern (D:5)
  Sigmund (D:5)
  An acid dragon (D:5)
  2 black bears (D:5)
  A centaur (D:6)
  2 scorpions (D:5)
  3 crimson imps (D:4)
  A bullfrog zombie (D:5)
  A jelly (D:5)
  A hound (D:5)
  2 bullfrog skeletons
  An orc wizard (D:5)
  A hound skeleton (D:4)
  5 adders
  4 gnolls (D:2)
  2 howler monkey skeletons (D:5)
  An ufetubus (D:6)
  An adder skeleton (D:4)
  A worm (D:3)
  2 dart slugs
  7 orcs
  A ball python (D:1)
  2 bats (D:3)
  5 endoplasms
  4 giant cockroaches
  4 goblins
  5 hobgoblins
  3 kobolds
  3 quokkas
  4 frilled lizards (D:1)
  A rat (D:3)
  A fulminant prism (D:6)
76 creatures vanquished.

Vanquished Creatures (others)
  10 fulminant prisms
10 creatures vanquished.

Grand Total: 86 creatures vanquished

Notes
Turn   | Place    | Note
-------+----------+-------------------------------------------
     0 | D:1      | ChaosChampion the Deep Elf Conjurer began the quest for the
                  | Orb.
     0 | D:1      | Reached XP level 1. HP: 10/10 MP: 6/6
   291 | D:1      | Reached XP level 2. HP: 15/15 MP: 6/8
   730 | D:1      | Reached skill level 4 in Spellcasting
  1053 | D:1      | Found a faded altar of an unknown god.
  1188 | D:2      | Reached XP level 3. HP: 19/19 MP: 6/10
  1296 | D:2      | Learned a level 2 spell: Searing Ray
  1574 | D:2      | Reached skill level 5 in Spellcasting
  1574 | D:2      | Reached skill level 5 in Conjurations
  1946 | D:2      | Reached XP level 4. HP: 24/24 MP: 7/13
  2728 | D:3      | Found Kaehone's Weapon Shoppe.
  2773 | D:4      | Learned a level 4 spell: Fulminant Prism
  2778 | D:4      | Learned a level 4 spell: Iskenderun's Mystic Blast
  2834 | D:4      | Found a shimmering altar of Xom.
  2853 | D:4      | Reached skill level 1 in Hexes
  2853 | D:4      | Reached XP level 5. HP: 28/28 MP: 3/15
  3074 | D:4      | Reached skill level 6 in Spellcasting
  3074 | D:4      | Reached skill level 1 in Translocations
  3279 | D:4      | Noticed Grinder
  3286 | D:4      | Killed Grinder
  3287 | D:4      | Reached XP level 6. HP: 32/32 MP: 3/17
  3502 | D:4      | Learned a level 3 spell: Stone Arrow
  3650 | D:5      | Entered Level 5 of the Dungeon
  3869 | D:5      | Noticed a wyvern
  3874 | D:5      | Killed a wyvern
  3875 | D:5      | Reached skill level 7 in Spellcasting
  3875 | D:5      | Reached XP level 7. HP: 12/36 MP: 6/19
  4107 | D:5      | Reached skill level 1 in Earth Magic
  4266 | D:5      | Found a runed translucent gate.
  4268 | D:5      | Found a runed translucent gate.
  4268 | D:5      | Found a runed translucent gate.
  4304 | D:5      | Noticed zeramoth's ghost (novice MiBe)
  4337 | D:5      | Noticed Sigmund
  4339 | D:5      | Killed Sigmund
  4340 | D:5      | Reached skill level 8 in Spellcasting
  4340 | D:5      | Reached skill level 5 in Hexes
  4340 | D:5      | Reached XP level 8. HP: 41/41 MP: 15/22
  5151 | D:5      | Killed zeramoth's ghost
  5152 | D:5      | Reached skill level 9 in Spellcasting
  5497 | D:6      | Slain by a killer bee zombie

Illustrated notes

Levels and vault maps discovered:
D:1:      nzn_arrival_water_spiral, layout_basic,
          shapermc_ecumenical_altar_mp_vishouse
D:2:      layout_basic
D:3:      layout_rooms, serial_shops, nicolae_shop_advertising_works
          [nicolae_subvault_shop_adworks], serial_aquarium,
          aquarium_bridge_square [aquarium_subvault_balcony,
          aquarium_subvault_bridge, aquarium_subvault_wall,
          aquarium_subvault_wall], aquarium_bridge_square
          [aquarium_subvault_wall, aquarium_subvault_bridge,
          aquarium_subvault_balcony, aquarium_subvault_bridge],
          aquarium_window_fake, aquarium_window_1, aquarium_view_2f,
          aquarium_balcony_3b
D:4:      layout_rooms, led_xom_imps, uniq_grinder
D:5:      layout_loops_corners, gammafunk_ghost_necromancy, uniq_sigmund
D:6:      layout_basic, mainiacjoe_overflow_alcove_4,
          minmay_temple_entry_enclosed_plants

Skill      XL: |  1  2  3  4  5  6  7  8 |
---------------+-------------------------+-----
Spellcasting   | 4 5 6 7 8 9 |  9.2
Conjurations   | 5 6 |  6.8
Hexes          | 1 3 4 5 6 |  6.9
Translocations | 2 3 4 |  4.0
Earth Magic    | 2 4 |  4.4
Dodging        | |  2.4
Stealth        | |  2.4

Action                   |  1- 3 |  4- 6 |  7- 9 || total
-------------------------+-------+-------+-------++-------
Melee: Unarmed           |       |     1 |       ||     1
 Cast: Magic Dart        |    52 |    59 |    11 ||   122
       Searing Ray       |     4 |     7 |       ||    11
       Fulminant Prism   |       |     2 |     9 ||    11
       Stone Arrow       |       |     1 |    28 ||    29
       Iskenderun's Myst |       |     1 |     4 ||     5
  Use: Scroll            |       |     5 |       ||     5
       Potion            |       |       |     1 ||     1
Armor: Robe              |       |     3 |     1 ||     4
Dodge: Dodged            |     2 |     3 |     5 ||    10

Table legend: (Time is in decaauts)
 A = Elapsed time spent in this place.
 B = Non-inter-level travel time spent in this place.
 C = Inter-level travel time spent in this place.
 D = Time resting spent in this place.
 E = Time spent auto-exploring this place.
 F = Levels seen in this place.
 G = Mean time per level.
                   A        B        C        D        E       F      G
               +--------+--------+--------+--------+--------+-----+--------+
         Total |   5497 |   5314 |    183 |    294 |   4514 |   6 |  916.2 |
       Dungeon |   5497 |   5314 |    183 |    294 |   4514 |   6 |  916.2 |
               +--------+--------+--------+--------+--------+-----+--------+

Top non-repeatable levels by time:
     D:5: 1674 daAuts
     D:1: 1137 daAuts
     D:2: 1044 daAuts
     D:3: 757 daAuts
     D:4: 711 daAuts
     D:6: 171 daAuts
